 Dungeon Crawl Stone Soup version 0.28.0-43-g3370ac3207 (webtiles) character file.

Game seed: 18182823315088965312

687 Woods the Insei (level 7, -4/53 HPs)
             Began as a Gnoll Transmuter on Mar 25, 2022.
             Killed from afar by Ijyb (19 damage)
             ... with a bolt of acid
             ... on level 4 of the Dungeon.
             The game lasted 00:04:51 (4142 turns).

Woods the Insei (Gnoll Transmuter)                  Turns: 4142, Time: 00:04:52

Health: -4/53      AC:  2    Str:  9    XL:     7   Next: 62%
Magic:  12/15      EV: 24    Int: 15    God:
Gold:   53         SH:  0    Dex: 23    Spells: 8/17 levels left

rFire   . . .      SeeInvis .     - Unarmed
rCold   . . .      Faith    .   (shield currently unavailable)
rNeg    . . .      Spirit   .   (armour currently unavailable)
rPois   x          Reflect  .   (helmet currently unavailable)
rElec   .          Harm     .   (cloak currently unavailable)
rCorr   .          Rampage  .   (gloves currently unavailable)
Will    .....                   (boots currently unavailable)
Stlth   +++.......              (no amulet)
HPRegen 0.17/turn               k - +6 ring of dexterity
MPRegen 0.14/turn               (no ring)

@: spider-form
A: venomous fangs, tiny, (fangs 1), strong nose, distributed training
a: End Transformation


You were on level 4 of the Dungeon.
You were a venomous arachnid creature.
You visited 1 branch of the dungeon, and saw 4 of its levels.

You collected 53 gold pieces.

Inventory:

Armour
 a - a +0 robe (melded)
 i - a +2 helmet (melded)
Jewellery
 k - a +6 ring of dexterity (left front leg)
 n - an amulet of guardian spirit
Wands
 q - a wand of acid (14)
Scrolls
 b - 2 scrolls of noise {unknown}
 h - a scroll of blinking {unknown}
 j - a scroll of vulnerability {unknown}
 m - a scroll of teleportation {unknown}
 p - a scroll of enchant armour {unknown}
Potions
 c - a potion of might {unknown}
 d - a potion of brilliance {unknown}
 e - 3 potions of curing {unknown}
 f - 2 potions of haste {unknown}
 g - a potion of degeneration {unknown}
 l - a potion of cancellation {unknown}
 o - a potion of lignification {unknown}


   Skills:
 + Level 3.7 Fighting
 + Level 2.6 Short Blades
 + Level 2.6 Long Blades
 + Level 2.6 Axes
 + Level 2.6 Maces & Flails
 + Level 2.6 Polearms
 + Level 2.6 Staves
 + Level 2.6 Slings
 + Level 2.6 Bows
 + Level 2.6 Crossbows
 + Level 2.6 Throwing
 + Level 2.6 Armour
 + Level 5.3 Dodging
 + Level 2.6 Stealth
 + Level 2.6 Shields
 + Level 7.1 Unarmed Combat
 + Level 5.7 Spellcasting
 + Level 2.1 Conjurations
 + Level 2.1 Hexes
 + Level 2.1 Summonings
 + Level 2.1 Necromancy
 + Level 2.1 Translocations
 + Level 4.4 Transmutations
 + Level 2.1 Fire Magic
 + Level 2.1 Ice Magic
 + Level 2.1 Air Magic
 + Level 2.1 Earth Magic
 + Level 2.1 Poison Magic
 + Level 2.9 Invocations
 + Level 2.6 Evocations


You had 8 spell levels left.
You knew the following spells:

 Your Spells              Type           Power      Damage    Failure   Level
a - Beastly Appendage     Tmut           34%        N/A       10%         1
b - Wereblood             Tmut           17%        N/A       12%         2
c - Spider Form           Tmut/Pois      14%        N/A       28%         3
d - Ozocubu's Armour      Ice            10%        N/A       38%         3

Your spell library contained the following spells:

 Spells                   Type           Power      Damage    Failure   Level
 Ice Form                 Ice/Tmut       14%        N/A       58%         4
 Ozocubu's Refrigeration  Ice            5%         4d6       100%        7


Dungeon Overview and Level Annotations

Branches:
Dungeon (4/15)
 Temple: D:4-7

Altars:
Ashenzari
Qazlal

Shops:
D:4 ([

Annotations:
D:4 Ijyb


Innate Abilities, Weirdness & Mutations

You are a venomous arachnid creature.
You have poisonous fangs.
You are tiny and dextrous.
Your spellcasting is less reliable in this form.
Your armour is entirely melded.
You are incapable of wielding weapons or throwing items.
((You have very sharp teeth.))
Your uncanny sense of smell can sniff out nearby items.
Your experience applies equally to all skills.


Message History

An adder is nearby!
The adder hisses angrily.
The adder misses you.
You hit the adder but do no damage. The adder barely misses you.
You bite the adder!
The adder is poisoned.
The adder is severely wounded.
The adder closely misses you.
You hit the adder.
You kill the adder!
You see here an adder corpse.
Your transformation has ended.
Your +2 helmet unmelds from your body.
Your +0 robe unmelds from your body.
There is a stone staircase leading down here.
o - a sedimented purple potion
Found a short jewelled staff.
You see here a staff of air.
p - a scroll labelled COL EHOMEBANIT You open the door.
Found Ledan's Armour Shop.
There is an open door here.
There is an entrance to Ledan's Armour Shop here.
You can access your shopping list by pressing '$'.
There is an open door here.
q - a wand of acid (14) Ijyb the Twisted Goblin comes into view.
She is wielding a +0 club and carrying a wand of acid (8).
Ijyb shouts!
Ijyb is nearby!
Ijyb is nearby!
Ijyb is nearby!
Casting: Spider Form (dangerous; 12% risk of failure)
Confirm with . or Enter, or press ? or * to list all spells.
You turn into a venomous arachnid creature.
Your +2 helmet melds into your body.
Your +0 robe melds into your body.
Found a stone staircase leading up.
Ijyb zaps a wand.
The bolt of acid misses you.
Ijyb zaps a wand.
The bolt of acid hits you!!!
Ouch! That really hurt!
* * * LOW HITPOINT WARNING * * *
Ijyb zaps a wand.
The bolt of acid hits you!!
You die...

### #<# #.#
#.# #g# #.#
#s# #.# ∆
#.# #.#####
#.....# #
#########
#####.# .8#
#.......#
####.###...#
+.......#
#........#
#.......#
#.##..####


You could see Ijyb.

Vanquished Creatures
  Sigmund (D:4)
  A necrophage (D:4)
  An ogre (D:3)
  A jelly (D:4)
  A gnoll shaman (D:4)
  An orc priest (D:3)
  Natasha (D:4)
  2 orc wizards (D:3)
  6 adders
  5 gnolls (D:4)
  An ufetubus (D:4)
  A worm (D:2)
  A dart slug (D:1)
  4 orcs
  9 bats
  6 endoplasms
  6 giant cockroaches
  8 goblins
  8 hobgoblins
  8 jackals (D:1)
  4 kobolds
  3 quokkas (D:2)
  2 ball pythons (D:1)
  4 frilled lizards
  7 rats
92 creatures vanquished.

Notes
Turn   | Place    | Note
-------+----------+-------------------------------------------
     0 | D:1      | Woods the Gnoll Transmuter began the quest for the Orb.
     0 | D:1      | Reached XP level 1. HP: 17/17 MP: 6/6
   226 | D:1      | Reached XP level 2. HP: 23/23 MP: 5/7
   499 | D:1      | Reached XP level 3. HP: 27/28 MP: 7/9
   544 | D:1      | Reached skill level 5 in Spellcasting
   783 | D:1      | Reached skill level 1 in Invocations
  1133 | D:1      | Reached skill level 1 in Short Blades
  1133 | D:1      | Reached skill level 1 in Long Blades
  1133 | D:1      | Reached skill level 1 in Axes
  1133 | D:1      | Reached skill level 1 in Maces & Flails
  1133 | D:1      | Reached skill level 1 in Polearms
  1133 | D:1      | Reached skill level 1 in Staves
  1133 | D:1      | Reached skill level 1 in Slings
  1133 | D:1      | Reached skill level 1 in Bows
  1133 | D:1      | Reached skill level 1 in Crossbows
  1133 | D:1      | Reached skill level 1 in Throwing
  1133 | D:1      | Reached skill level 1 in Armour
  1133 | D:1      | Reached skill level 1 in Stealth
  1133 | D:1      | Reached skill level 1 in Shields
  1133 | D:1      | Reached skill level 1 in Evocations
  1340 | D:2      | Reached XP level 4. HP: 34/34 MP: 9/11
  1994 | D:2      | Reached skill level 1 in Conjurations
  1994 | D:2      | Reached skill level 1 in Hexes
  1994 | D:2      | Reached skill level 1 in Summonings
  1994 | D:2      | Reached skill level 1 in Necromancy
  1994 | D:2      | Reached skill level 1 in Translocations
  1994 | D:2      | Reached skill level 1 in Fire Magic
  1994 | D:2      | Reached skill level 1 in Ice Magic
  1994 | D:2      | Reached skill level 1 in Air Magic
  1994 | D:2      | Reached skill level 1 in Earth Magic
  1994 | D:2      | Reached skill level 1 in Poison Magic
  2512 | D:3      | Learned a level 2 spell: Wereblood
  2516 | D:3      | Learned a level 3 spell: Spider Form
  2520 | D:3      | Learned a level 3 spell: Ozocubu's Armour
  2904 | D:3      | Reached XP level 5. HP: 36/40 MP: 12/12
  3086 | D:3      | Found a broken altar of Ashenzari.
  3159 | D:3      | Noticed an ogre
  3173 | D:3      | Killed an ogre
  3174 | D:3      | Reached XP level 6. HP: 47/47 MP: 11/14
  3579 | D:4      | Found Zinlik's Weapon Shoppe.
  3593 | D:4      | Reached skill level 5 in Dodging
  3640 | D:4      | Found a stormy altar of Qazlal.
  3659 | D:4      | Noticed a necrophage
  3667 | D:4      | Killed a necrophage
  3715 | D:4      | Noticed Sigmund
  3744 | D:4      | Killed Sigmund
  3745 | D:4      | Reached skill level 7 in Unarmed Combat
  3745 | D:4      | Reached XP level 7. HP: 30/52 MP: 11/15
  3778 | D:4      | Noticed Natasha
  3782 | D:4      | Killed Natasha
  4098 | D:4      | Found Ledan's Armour Shop.
  4138 | D:4      | Noticed Ijyb
  4142 | D:4      | Killed from afar by Ijyb

Illustrated notes

Levels and vault maps discovered:
D:1:      dpeg_arrival_subterranean_lakeside_camping, layout_basic, st_stairs_10
D:2:      layout_loops_ring
D:3:      layout_loops_ring, cheibrodos_ashenzari_chains,
          kennysheep_cluttered_room
D:4:      layout_basic, lemuel_crystal_altar, old_standard_altar,
          mainiacjoe_overflow_six_doors_small, nicolae_temple_entry_ecumenical,
          serial_shops, nicolae_shop_bloodbath_and_beyond,
          nicolae_shop_statue_plus, kennysheep_little_box, uniq_blork_the_orc,
          uniq_ijyb, uniq_natasha, uniq_sigmund

Skill      XL: |  1  2  3  4  5  6 |
---------------+-------------------+-----
Spellcasting   | 5 |  5.7
Invocations    | 1 2 |  2.9
Short Blades   | 1 2 |  2.6
Long Blades    | 1 2 |  2.6
Axes           | 1 2 |  2.6
Maces & Flails | 1 2 |  2.6
Polearms       | 1 2 |  2.6
Staves         | 1 2 |  2.6
Slings         | 1 2 |  2.6
Bows           | 1 2 |  2.6
Crossbows      | 1 2 |  2.6
Throwing       | 1 2 |  2.6
Armour         | 1 2 |  2.6
Stealth        | 1 2 |  2.6
Shields        | 1 2 |  2.6
Evocations     | 1 2 |  2.6
Conjurations   | 1 2 |  2.1
Hexes          | 1 2 |  2.1
Summonings     | 1 2 |  2.1
Necromancy     | 1 2 |  2.1
Translocations | 1 2 |  2.1
Fire Magic     | 1 2 |  2.1
Ice Magic      | 1 2 |  2.1
Air Magic      | 1 2 |  2.1
Earth Magic    | 1 2 |  2.1
Poison Magic   | 1 2 |  2.1
Fighting       | 3 |  3.7
Transmutations | 4 |  4.4
Dodging        | 5 |  5.3
Unarmed Combat | 7 |  7.1

Action                   |  1- 3 |  4- 6 |  7- 9 || total
-------------------------+-------+-------+-------++-------
Melee: Unarmed           |    85 |   114 |    25 ||   224
       Kick              |    14 |    13 |       ||    27
       Punch             |     3 |     3 |       ||     6
       Headbutt          |     7 |    14 |       ||    21
       Bite              |     4 |     6 |       ||    10
 Cast: Beastly Appendage |    25 |    21 |       ||    46
       Spider Form       |       |     4 |     6 ||    10
 Abil: End Transformatio |       |     1 |       ||     1
 Stab: Sleeping          |     1 |     3 |       ||     4
Armor: Robe              |    13 |    19 |       ||    32
Dodge: Dodged            |    59 |    68 |    27 ||   154
